 Dungeon Crawl Stone Soup version 0.30.1 (webtiles) character file.

Game seed: 10378083360157893746

504 Heoruswealwe the Magician (level 6, -2/32 HPs)
             Began as a Deep Elf Summoner on July 10, 2023.
             Slain by a sleepcap (8 damage)
             ... on level 4 of the Dungeon.
             The game lasted 00:31:23 (3113 turns).

Heoruswealwe the Magician (Deep Elf Summoner)       Turns: 3113, Time: 00:31:23

Health: -2/32      AC:  0    Str:  5    XL:     6   Next: 96%
Magic:  18/18      EV: 12    Int: 22    God:
Gold:   257        SH:  0    Dex: 15    Spells: 10/19 levels left

rFire   . . .        (no weapon)
rCold   . . .        (no shield)
rNeg    + . .        (no body armour)
rPois   .            (no helmet)
rElec   .            (no cloak)
rCorr   .            (no gloves)
SInv    .            (no boots)
Will    .....        i - amulet of regeneration
Stlth   ++           k - ring of positive energy
HPRegen 1.05/turn    (no ring)
MPRegen 0.16/turn

%: no passive effects
@: no status effects
A: no striking features
a: no special abilities


You were on level 4 of the Dungeon.
You visited 1 branch of the dungeon, and saw 4 of its levels.

You collected 257 gold pieces.

Inventory:

Jewellery
 i - an amulet of regeneration (around neck)
 k - a ring of positive energy (left hand)
Wands
 p - a wand of flame (21)
 q - a wand of paralysis (12)
Scrolls
 a - a scroll of teleportation {unknown}
 d - 2 scrolls of identify {unknown}
 e - 2 scrolls of poison {unknown}
 g - a scroll of magic mapping {unknown}
 h - 2 scrolls of immolation {unknown}
 m - a scroll of enchant armour {unknown}
 n - 2 scrolls of fog {unknown}
Potions
 b - a potion of magic
 c - a potion of degeneration {unknown}
 f - a potion of brilliance {unknown}
 j - a potion of curing {unknown}
 l - 3 potions of mutation {unknown}
 o - a potion of cancellation {unknown}


   Skills:
 - Level 2.4 Dodging
 - Level 2.4 Stealth
 + Level 7.4 Spellcasting
 + Level 7.2 Summonings


You had 10 spell levels left.
You knew the following spells:

 Your Spells              Type           Power      Damage    Failure   Level
a - Summon Small Mammal   Summ           100%       N/A       1%          1
b - Call Imp              Summ           78%        N/A       1%          2
c - Call Canine Familiar  Summ           39%        N/A       1%          3
d - Summon Guardian Gole  Hex/Summ       24%        N/A       5%          3

Your spell library contained the following spells:

 Spells                   Type           Power      Damage    Failure   Level
 Summon Lightning Spire   Summ/Air       24%        N/A       19%         4


Dungeon Overview and Level Annotations

Branches:
Dungeon (4/15)
 Temple: D:4-7

Altars:

Shops:
D:3 :


Message History

The orc hits your hound with a +0 dagger.
Your hound misses the orc.
Your hound bites the orc.
The orc dies!
Found a scroll labelled CIMIOMA TEOM.
An orc comes into view. It is wielding a +0 dagger.
Things that are here:
a +0 dagger; a boomerang; an orc corpse Your hound barely misses the orc.
Your hound bites the orc.
Your hound bites the orc.
The orc dies!
You see here a +0 scale mail.
You swap places.
You see here a +0 dagger.
Found a scroll labelled VUNUNOBL MADDU.
A sleepcap and a goblin come into view.
The sleepcap moves out of view.
The goblin shouts!
Your hound bites the goblin.
Your hound bites the goblin.
The goblin dies!
Your hound bites the sleepcap.
Your hound bites the sleepcap.
Your hound completely misses the sleepcap.
The sleepcap barely misses you.
Your hound bites the sleepcap.
The sleepcap releases spores at you.
Your hound bites the sleepcap.
Your hound bites the sleepcap but does no damage.
The sleepcap releases spores at you.
You are engulfed in a cloud of soporific spores!
You fall asleep.
Your hound bites the sleepcap.
The sleepcap releases spores at you!!
You wake up.
Ouch! That really hurt!
* * * LOW HITPOINT WARNING * * *
You are engulfed in a cloud of soporific spores!
You are unaffected.
Your hound bites the sleepcap but does no damage.
The sleepcap releases spores at you!
You die...

.. .. ... ####.# .. ...
#?#..#..## ...
#....#.?.# ... ###
......#..# ...##.# ...
......##.
......#####..###........
......##..##.#..@fh.#
#.........).........##..
#.............##...)....
.......#.#.8..##.###....
#.....####....#..#......
#.##..####..)...#....##.
#.#...#............###
#.##......[..).......#
#. #..###...........##


You could see a sleepcap (ally target) and a friendly hound (summoned).

Vanquished Creatures (collateral kills)
  Grinder (D:3)
  The ghost of nawrastar the Firebug, an amateur DEFE (D:3)
  A scorpion (D:3)
  A wyvern skeleton (D:3)
  An adder (D:2)
  A howler monkey skeleton (D:3)
  A worm (D:2)
  2 orcs (D:4)
  5 endoplasms
  4 giant cockroaches
  16 goblins
  17 hobgoblins
  6 jackals (D:1)
  12 kobolds
  A quokka (D:2)
  8 ball pythons
  3 bats
  2 frilled lizards
  5 rats
88 creatures vanquished.

Notes
Turn   | Place    | Note
-------+----------+-------------------------------------------
     0 | D:1      | Heoruswealwe the Deep Elf Summoner began the quest for the
                  | Orb.
     0 | D:1      | Reached XP level 1. HP: 10/10 MP: 6/6
   104 | D:1      | Found Ecvoish's Magic Scroll Emporium.
   191 | D:1      | Reached XP level 2. HP: 14/15 MP: 1/8
   249 | D:1      | Learned a level 2 spell: Call Imp
   548 | D:1      | Reached skill level 5 in Summonings
   548 | D:1      | Reached XP level 3. HP: 19/19 MP: 10/10
   552 | D:1      | Learned a level 3 spell: Call Canine Familiar
   556 | D:1      | Learned a level 3 spell: Summon Guardian Golem
  1292 | D:2      | Reached XP level 4. HP: 24/24 MP: 8/12
  1403 | D:2      | Found a faded altar of an unknown god.
  1781 | D:2      | Reached skill level 5 in Spellcasting
  2018 | D:3      | Found a runed translucent gate.
  2018 | D:3      | Found a runed translucent gate.
  2019 | D:3      | Found a runed translucent gate.
  2019 | D:3      | Noticed nawrastar's ghost (amateur DEFE)
  2033 | D:3      | Reached XP level 5. HP: 18/28 MP: 12/14
  2091 | D:3      | Killed nawrastar's ghost
  2249 | D:3      | Noticed Grinder
  2267 | D:3      | Paralysed by Grinder for 5 turns
  2291 | D:3      | Reached XP level 6. HP: 32/32 MP: 5/17
  2317 | D:3      | Killed Grinder
  2378 | D:3      | Found Qoigykh's Book Shop.
  3113 | D:4      | Slain by a sleepcap

Illustrated notes

Levels and vault maps discovered:
D:1:      dpeg_cavernosity, layout_rooms, serial_shops, shop,
          nicolae_kite_square_tiling_tiny
D:2:      cheibrodos_greedy_goblins, layout_basic,
          hellmonk_ecumenical_altar_prayer_group
D:3:      layout_loops_ring, gammafunk_ghost_necromancy, serial_shops,
          nicolae_shop_real_fake_doors, uniq_grinder
D:4:      layout_cave_pools, serial_column_ruins, column_ruins_temple_hall,
          column_ruins_grid_4, column_ruins_grid_1, column_ruins_columns_corner,
          column_ruins_open_tiny, column_ruins_open_small, minmay_lizard_king,
          uniq_crazy_yiuf_cottage, uniq_ijyb

Skill      XL: |  1  2  3  4  5  6 |
---------------+-------------------+-----
Spellcasting   | 4 5 6 7 |  7.4
Summonings     | 5 6 7 |  7.2
Dodging        | |  2.4
Stealth        | |  2.4

Action                     |  1- 3 |  4- 6 || total
---------------------------+-------+-------++-------
  Melee: Unarmed           |     3 |       ||     3
   Cast: Summon Small Mamm |    25 |       ||    25
         Call Canine Famil |     7 |    21 ||    28
 Armour: Robe              |    11 |       ||    11
  Dodge: Dodged            |    50 |    17 ||    67
